 Dungeon Crawl Stone Soup version 0.30-a0-4-ga7cffc901d (webtiles) character file.

Game seed: 8374547380884237787

37 Setbun the Sneak (level 3, 0/20 HPs)
             Began as a Kobold Enchanter on Aug 20, 2022.
             Succumbed to an adder's poison
             ... on level 2 of the Dungeon.
             The game lasted 00:01:31 (1744 turns).

Setbun the Sneak (Kobold Enchanter)                 Turns: 1744, Time: 00:01:32

Health: 0/20       AC:  3    Str:  5    XL:     3   Next: 62%
Magic:  1/6        EV: 15    Int: 16    God:
Gold:   86         SH:  0    Dex: 17    Spells: 1/6 levels left

rFire   . . .      SeeInvis .    a - +1 dagger
rCold   . . .      Faith    .    (no shield)
rNeg    . . .      Spirit   .    b - +0 robe
rPois   .          Reflect  .    (no helmet)
rElec   .          Harm     .    (no cloak)
rCorr   .          Rampage  .    d - +0 pair of gloves
Will    .....                    (no boots)
Stlth   ++++......               (no amulet)
HPRegen 0.06/turn                (no ring)
MPRegen 0.10/turn                (no ring)

@: lethally poisoned (0 -> -4)
A: small, no large weapons, nightstalker 3
a: no special abilities


You were on level 2 of the Dungeon.
You visited 1 branch of the dungeon, and saw 2 of its levels.

You collected 86 gold pieces.

Inventory:

Hand Weapons
 a - a +1 dagger (weapon)
Armour
 b - a +0 robe (worn)
 d - a +0 pair of gloves (worn)
Jewellery
 m - a ring of fire
Scrolls
 g - a scroll of brand weapon {unknown}
 h - a scroll of identify {unknown}
 k - a scroll of magic mapping {unknown}
Potions
 c - 2 potions of invisibility
 f - a potion of flight {unknown}
 i - a potion of attraction {unknown}
 j - a potion of curing {unknown}
 l - a potion of haste {unknown}


   Skills:
 + Level 1.0 Fighting
 * Level 2.7 Short Blades
 + Level 2.7 Dodging
 + Level 4.3 Stealth
 + Level 2.4 Spellcasting
 + Level 3.1 Hexes


You had one spell level left.
You knew the following spells:

 Your Spells              Type           Power      Damage    Failure   Level
a - Ensorcelled Hibernat  Hex/Ice        14%        N/A       16%         2
b - Confusing Touch       Hex            12%        N/A       16%         3

Your spell library contained the following spells:

 Spells                   Type           Power      Damage    Failure   Level
 Summon Small Mammal      Summ           4%         N/A       21%         1
 Tukima's Dance           Hex            12%        N/A       16%         3
 Poisonous Vapours        Pois/Air       2%         N/A       30%         2
 Dazzling Flash           Conj/Hex       14%        N/A       30%         3
 Portal Projectile        Hex/Tloc       14%        N/A       30%         3
 Summon Guardian Golem    Hex/Summ       7%         N/A       30%         3
 Call Canine Familiar     Summ           1%         N/A       52%         3
 Corpse Rot               Necr/Pois/Air  1%         N/A       89%         4
 Blade Hands              Tmut           0%         N/A       99%         5


Dungeon Overview and Level Annotations

Branches:
Dungeon (2/15)

Altars:


Innate Abilities, Weirdness & Mutations

You are small and have problems with some larger weapons.
You are completely attuned to the shadows.


Message History

* * * LOW HITPOINT WARNING * * *
You are more poisoned.
The adder poisons you!
It was a potion of heal wounds.
You feel much better.
You feel very sick. The adder misses you.
You closely miss the adder.
The adder is lightly wounded.
You feel sick. The adder misses you.
You hit the adder.
The adder is lightly wounded.
You feel sick. The adder closely misses you.
Your magical contamination has completely faded away.
You hit the adder.
The adder is heavily wounded.
You feel sick. The adder bites you.
You barely miss the adder.
The adder is heavily wounded.
You feel sick. The adder closely misses you.
A kobold comes into view. It is wielding a +0 short sword.
You hit the adder.
The adder is severely wounded.
You feel sick. The adder bites you.
You are lethally poisoned!
The adder poisons you! The adder bites you but does no damage.
You hit the adder.
You kill the adder!
* * * LOW HITPOINT WARNING * * *
You feel sick.
Your Fighting skill increases to level 1!
* * * LOW HITPOINT WARNING * * *
You feel sick.
You hit the kobold but do no damage.
* * * LOW HITPOINT WARNING * * *
You feel sick. The kobold hits you but does no damage.
You hit the kobold but do no damage.
* * * LOW HITPOINT WARNING * * *
You feel sick. The kobold barely misses you.
You hit the kobold but do no damage.
You die...

#.## #.# #.#
####.## .........
....... ........#
####.## .....>..#
#.# ........# #.##
...K@†..# #...
######..# #...
####..#### #..<
.........# #...
<.....##.# #...
......##.#######...
......##...........
......##.########..
######### #...'..


You could see a kobold.

Vanquished Creatures
  An adder (D:2)
  4 endoplasms
  3 goblins (D:1)
  3 hobgoblins
  8 ball pythons
  2 bats (D:1)
  2 frilled lizards (D:1)
  2 kobolds (D:1)
  4 rats
29 creatures vanquished.

Notes
Turn   | Place    | Note
-------+----------+-------------------------------------------
     0 | D:1      | Setbun the Kobold Enchanter began the quest for the Orb.
     0 | D:1      | Reached XP level 1. HP: 10/10 MP: 3/3
   224 | D:1      | Found a faded altar of an unknown god.
   260 | D:1      | Reached XP level 2. HP: 15/15 MP: 5/5
   291 | D:1      | Learned a level 2 spell: Ensorcelled Hibernation
   841 | D:1      | Reached XP level 3. HP: 20/20 MP: 6/6
  1361 | D:2      | Learned a level 3 spell: Confusing Touch
  1741 | D:2      | Reached skill level 1 in Fighting
  1743 | D:2      | HP: 1/20 [poisoned by an adder]
  1744 | D:2      | Succumbed to an adder's poison

Illustrated notes

Levels and vault maps discovered:
D:1:      psy_arrival_heroes, layout_rooms, shapermc_ecumenical_altar_venn,
          minivault_14, kennysheep_decorative_pillar, minmay_pentomino_x2
D:2:      layout_basic

Skill      XL: |  1  2  3 |
---------------+----------+-----
Short Blades   | 2 |  2.7
Fighting       | 1 |  1.0
Dodging        | |  2.7
Stealth        | |  4.3
Spellcasting   | |  2.4
Hexes          | |  3.1

Action                   || total
-------------------------++-------
Melee: Dagger            ||    84
 Cast: Ensorcelled Hiber ||     6
  Use: Potion            ||     1
 Stab: Sleeping          ||    12
Armor: Robe              ||    13
Dodge: Dodged            ||    66

Table legend: (Time is in decaauts)
 A = Elapsed time spent in this place.
 B = Non-inter-level travel time spent in this place.
 C = Inter-level travel time spent in this place.
 D = Time resting spent in this place.
 E = Time spent auto-exploring this place.
 F = Levels seen in this place.
 G = Mean time per level.
                   A        B        C        D        E       F      G
               +--------+--------+--------+--------+--------+-----+--------+
         Total |   1740 |   1713 |     27 |    201 |   1290 |   2 |  870.0 |
       Dungeon |   1740 |   1713 |     27 |    201 |   1290 |   2 |  870.0 |
               +--------+--------+--------+--------+--------+-----+--------+

Top non-repeatable levels by time:
     D:1: 1188 daAuts
     D:2: 551 daAuts
